 Dungeon Crawl Stone Soup version 0.28-a0-233-gb8ca4b6547 (webtiles) character file.

Game seed: 4321943289996253306

1418 porpoise the Skirmisher (level 8, -4/87 HPs)
             Began as an Ogre Hunter on Aug 22, 2021.
             Slain by a water moccasin (6 damage)
             ... on level 5 of the Dungeon.
             The game lasted 00:19:38 (7716 turns).

porpoise the Skirmisher (Ogre Hunter)               Turns: 7716, Time: 00:19:39

Health: -4/87      AC:  6    Str: 17    XL:     8   Next: 71%
Magic:  8/8        EV: 10    Int: 14    God:
Gold:   1083       SH:  0    Dex:  9    Spells: 7/7 levels left

rFire   . . .      SeeInvis .   a - +0 morningstar
rCold   . . .      Faith    .   (no shield)
rNeg    . . .      Spirit   .   e - +0 robe
rPois   .          Reflect  .   j - +1 hat
rElec   .          Harm     .   (no cloak)
rCorr   .          Rampage  .   (gloves unavailable)
Will    .....                   (boots unavailable)
Stlth   +.........              (no amulet)
HPRegen 0.24/turn               (no ring)
MPRegen 0.11/turn               (no ring)

@: brilliant, lethally poisoned (-4 -> -8), hasted, very quick
A: large, unfitting armour, tough skin 1, talons 1, iridescent scales 1
a: no special abilities


You were on level 5 of the Dungeon.
You visited 1 branch of the dungeon, and saw 5 of its levels.

You collected 1083 gold pieces.

Inventory:

Hand Weapons
 a - a +0 morningstar (weapon)
 b - a +0 hunting sling
Missiles
 d - 3 throwing nets (quivered)
 f - 111 stones
 i - 7 boomerangs
 l - 79 sling bullets
 n - 4 large rocks
 r - 2 boomerangs of dispersal
Armour
 e - a +0 robe (worn)
 j - a +1 hat (worn)
Scrolls
 g - 2 scrolls of blinking
 h - a scroll of teleportation
 k - 2 scrolls of noise {unknown}
 q - a scroll of amnesia {unknown}
 s - a scroll of magic mapping {unknown}
Potions
 c - a potion of haste
 o - a potion of might {unknown}
 p - a potion of brilliance


   Skills:
 - Level 7.0 Fighting
 + Level 6.9 Maces & Flails
 - Level 4.0 Throwing
 + Level 4.8 Dodging
 - Level 0.6 Stealth


You had 7 spell levels left.
You didn't know any spells.
Your spell library contained the following spells:

 Spells                   Type           Power      Damage    Failure   Level
 Ozocubu's Armour         Ice            0%         N/A       65%         3
 Metabolic Englaciation   Hex/Ice        0%         N/A       100%        5
 Simulacrum               Ice/Necr       0%         N/A       100%        6


Dungeon Overview and Level Annotations

Branches:
Dungeon (5/15)
 Temple: D:4-7

Altars:
Vehumet
Zin

Shops:
D:5 *

Annotations:
D:2 Sigmund


Innate Abilities, Weirdness & Mutations

You are too large for most types of armour.
You have tough skin. (AC +1)
You have sharp toenails.
You are partially covered in iridescent scales. (AC +2)


Message History

* * * LOW HITPOINT WARNING * * *
You closely miss the water moccasin. Your kick misses the water moccasin.
The water moccasin bites you.
* * * LOW HITPOINT WARNING * * *
You feel better.
The water moccasin bites you but does no damage.
It was a potion of brilliance.
You feel clever all of a sudden. The water moccasin misses you.
You miss the water moccasin. Your kick misses the water moccasin.
The water moccasin misses you.
You sock the water moccasin! You claw the water moccasin.
The water moccasin is moderately wounded.
The water moccasin bites you.
* * * LOW HITPOINT WARNING * * *
You are lethally poisoned!
The water moccasin poisons you!
You feel better. The water moccasin bites you!
* * * LOW HITPOINT WARNING * * *
You are poisoned.
The water moccasin poisons you!
You hit the water moccasin.
The water moccasin is moderately wounded.
You feel very sick.
The water moccasin bites you but does no damage.
You hit the water moccasin. Your kick misses the water moccasin.
The water moccasin is heavily wounded.
You feel sick. The water moccasin bites you.
* * * LOW HITPOINT WARNING * * *
You barely miss the water moccasin. Your kick misses the water moccasin.
The water moccasin is heavily wounded.
You feel sick.
You barely miss the water moccasin. You claw the water moccasin.
The water moccasin is severely wounded.
You feel sick. The water moccasin bites you.
* * * LOW HITPOINT WARNING * * *
It was a potion of magic.
Magic courses through your body.
* * * LOW HITPOINT WARNING * * *
You feel sick. The water moccasin bites you.
You die...

................ ....
..............# .. ..## #...
..............####.. ......#...
......###........... ........+...
.............................#...
#................................
'................................
#.........#...#####..............
#..............S@.#..............
............##'##.#..............
............#...#................
......##....#.∩S#................
......##....#.S.#.......###...>..
......##....##+##.......# #......
......##..... #'#.[...# #.#.#.#
...........## #.####### #.#.#..
...........######'#########.#.###


You could see a water moccasin.

Vanquished Creatures
  Menkaure (D:5)
  3 water moccasins (D:5)
  A black bear (D:4)
  A centaur (D:5)
  An ogre (D:5)
  2 scorpions (D:5)
  A water moccasin skeleton (D:4)
  A bullfrog zombie (D:5)
  A hound (D:5)
  A jelly (D:4)
  4 orc priests
  3 iguanas
  A hound skeleton (D:5)
  3 adders
  11 gnolls
  A river rat (D:3)
  An ufetubus (D:5)
  A worm (D:3)
  3 dart slugs
  20 orcs
  2 bats
  6 endoplasms
  A giant cockroach (D:2)
  8 hobgoblins
  8 jackals (D:2)
  2 quokkas
  12 ball pythons
  2 frilled lizards (D:3)
  13 goblins
  4 kobolds
  A quokka skeleton (D:4)
  8 rats
128 creatures vanquished.

Notes
Turn   | Place    | Note
-------+----------+-------------------------------------------
     0 | D:1      | porpoise the Ogre Hunter began the quest for the Orb.
     0 | D:1      | Reached XP level 1. HP: 22/22 MP: 1/1
   238 | D:1      | Reached skill level 3 in Fighting
   461 | D:1      | Reached XP level 2. HP: 31/31 MP: 2/2
   511 | D:1      | Reached skill level 4 in Fighting
  1165 | D:1      | Reached XP level 3. HP: 32/40 MP: 3/3
  1395 | D:1      | Reached skill level 5 in Fighting
  1637 | D:2      | Reached XP level 4. HP: 32/50 MP: 4/4
  2464 | D:2      | Noticed Sigmund
  2493 | D:2      | Reached skill level 6 in Fighting
  2609 | D:3      | Identified a scroll of acquirement
  2609 | D:3      | Acquired 849 gold pieces
  2616 | D:3      | Upgraded the game from 0.28-a0-224-g76b539d98b to
                  | 0.28-a0-233-gb8ca4b6547
  2746 | D:3      | Reached XP level 5. HP: 58/61 MP: 5/5
  3091 | D:3      | Found a glowing silver altar of Zin.
  3603 | D:3      | Reached skill level 7 in Fighting
  3927 | D:4      | Reached skill level 1 in Maces & Flails
  4054 | D:4      | Noticed a black bear
  4057 | D:4      | Killed a black bear
  4058 | D:4      | Reached XP level 6. HP: 49/71 MP: 6/6
  5238 | D:4      | Reached XP level 7. HP: 54/78 MP: 7/7
  5943 | D:5      | Entered Level 5 of the Dungeon
  5962 | D:5      | Found a radiant altar of Vehumet.
  5966 | D:5      | Reached skill level 5 in Maces & Flails
  6517 | D:5      | Gained mutation: You have sharp toenails. [potion of
                  | mutation]
  6517 | D:5      | Gained mutation: You are partially covered in iridescent
                  | scales. (AC +2) [potion of mutation]
  6789 | D:5      | Noticed Menkaure
  6793 | D:5      | Killed Menkaure
  6794 | D:5      | Reached XP level 8. HP: 45/87 MP: 8/8
  7673 | D:5      | Found Joedascha's Serpentskin Sales.
  7715 | D:5      | HP: 3/87 [water moccasin (5)]
  7716 | D:5      | Slain by a water moccasin

Illustrated notes

Levels and vault maps discovered:
D:1:      ebering_trefoil_twist, layout_basic, minmay_split_cup_small
D:2:      layout_rooms, uniq_crazy_yiuf_cottage, uniq_sigmund
D:3:      layout_loops_ring, lemuel_crystal_altar, portal_sewer_entry_c
D:4:      layout_basic, serial_corexii_hall, corexii_hall_statues_deadend,
          corexii_hall_statues_u, kennysheep_generic_room_9
D:5:      layout_basic, fiery_altar_vehumet, guppyfry_shop_venom, uniq_menkaure

Skill      XL: |  1  2  3  4  5  6  7  8 |
---------------+-------------------------+-----
Fighting       | 3 4 5 6 7 |  7.0
Maces & Flails | 3 4 6 |  6.9
Dodging        | 3 4 |  4.8
Throwing       | |  4.0
Stealth        | |  0.6

Action                   |  1- 3 |  4- 6 |  7- 9 || total
-------------------------+-------+-------+-------++-------
Melee: Short sword       |   194 |    92 |       ||   286
       Morningstar       |       |   100 |   115 ||   215
       Kick              |       |       |    15 ||    15
 Fire: Hunting sling     |     3 |    32 |    51 ||    86
Throw: Large rock        |       |     7 |     6 ||    13
  Use: Scroll            |       |     6 |       ||     6
       Potion            |       |     1 |     8 ||     9
 Stab: Sleeping          |       |     1 |       ||     1
Armor: Robe              |    64 |    47 |    41 ||   152
       Skin              |       |     2 |       ||     2
Dodge: Dodged            |   101 |    89 |    85 ||   275

Table legend: (Time is in decaauts)
 A = Elapsed time spent in this place.
 B = Non-inter-level travel time spent in this place.
 C = Inter-level travel time spent in this place.
 D = Time resting spent in this place.
 E = Time spent auto-exploring this place.
 F = Levels seen in this place.
 G = Mean time per level.
                   A        B        C        D        E       F      G
               +--------+--------+--------+--------+--------+-----+--------+
         Total |   7811 |   7691 |    120 |   3695 |   2511 |   5 | 1562.2 |
       Dungeon |   7811 |   7691 |    120 |   3695 |   2511 |   5 | 1562.2 |
               +--------+--------+--------+--------+--------+-----+--------+

Top non-repeatable levels by time:
     D:5: 1785 daAuts
     D:4: 1761 daAuts
     D:3: 1647 daAuts
     D:1: 1503 daAuts
     D:2: 1114 daAuts
